 Dungeon Crawl Stone Soup version 0.22-a0-247-gbddf880 (webtiles) character file.

8 sankara the Skirmisher (level 2, 24/24 HPs)
             Began as a Demonspawn Fighter on Feb 26, 2018.
             Got out of the dungeon alive.
             The game lasted 00:01:21 (384 turns).

sankara the Skirmisher (Demonspawn Fighter)          Turns: 384, Time: 00:01:21

Health: 24/24      AC:  6    Str: 16    XL:     2   Next: 0%
Magic:  11/11      EV:  6    Int:  9    God:
Gold:   0          SH:  8    Dex: 12    Spells: 1/1 levels left

rFire    . . .     SeeInvis .   a - +0 flail
rCold    . . .     Gourm    .   c - +0 shield
rNeg     . . .     Faith    .   b - +0 scale mail
rPois    .         Spirit   .   (no helmet)
rElec    .         Reflect  .   (no cloak)
rCorr    .         Harm     .   (no gloves)
MR       .....                  (no boots)
Stlth    ..........             (no amulet)
HPRegen  0.08/turn              h - ring of magical power {MP+9}
MPRegen  0.12/turn              (no ring)

@: no status effects
A: claws 1
a: no special abilities


You escaped.
You were not hungry.

You visited 1 branch of the dungeon, and saw 1 of its levels.

Inventory:

Hand Weapons
 a - a +0 flail (weapon)
Armour
 b - a +0 scale mail (worn)
 c - a +0 shield (worn)
Jewellery
 h - a ring of magical power (left claw) {MP+9}
   (You found it on level 1 of the Dungeon)
Scrolls
 e - 2 scrolls of identify {unknown}
 j - a scroll of remove curse {unknown}
Potions
 d - a potion of might
 i - a potion of flight {unknown}
Comestibles
 f - a ration
 g - 2 chunks of flesh {@w0}


   Skills:
 - Level 3.0 Fighting
 + Level 2.5 Maces & Flails
 - Level 2.6 Armour
 - Level 2.6 Shields


You had one spell level left.
You didn't know any spells.

Dungeon Overview and Level Annotations

Branches:
Dungeon (1/15)

Altars:


Innate Abilities, Weirdness & Mutations

You have sharp fingernails.


Message History

h - a knobbly marble ring Put on which piece of jewellery? (? for menu, Esc to quit)
You feel your magic capacity increase.
h - a ring of magical power (left hand)
i - a glowing red potion A goblin comes into view.
It is wielding a club.
The goblin shouts!
A frilled lizard comes into view.
The frilled lizard hisses angrily.
The frilled lizard moves out of view.
A hobgoblin comes into view. It is wielding a club.
The hobgoblin shouts!
The goblin hits you but does no damage.
You closely miss the goblin. You block the goblin's attack.
You closely miss the goblin. The goblin hits you but does no damage.
The frilled lizard bites you but does no damage.
Your shield prevents you from hitting the frilled lizard.
The frilled lizard bites you. You block the goblin's attack.
The hobgoblin hits you with a club.
You are too injured to fight recklessly!
You are too injured to fight recklessly!
You are too injured to fight recklessly!
You hit the goblin.
The goblin is severely wounded.
The frilled lizard bites you but does no damage.
You block the goblin's attack.
The hobgoblin hits you but does no damage.
You closely miss the goblin.
The goblin is severely wounded.
The frilled lizard bites you but does no damage.
The goblin barely misses you. The hobgoblin hits you with a club.
The frilled lizard barely misses you.
You sock the goblin!
You kill the goblin!
You block the hobgoblin's attack.
The frilled lizard bites you but does no damage.
You hit the hobgoblin but do no damage. The hobgoblin hits you with a club.
The frilled lizard bites you. The hobgoblin closely misses you.
The frilled lizard bites you but does no damage.
You see here a bat skeleton.
You hit the hobgoblin but do no damage.
The hobgoblin hits you but does no damage.
You thump the hobgoblin!
You kill the hobgoblin!
Your Maces & Flails skill increases to level 2!
You hit the frilled lizard.
You kill the frilled lizard!
You see here a club.
You start resting.
Magic restored.
HP restored.
You see here a bat skeleton.
Things that are here:
a club; a goblin corpse
e - 2 scrolls labeled COGGAKL LULL (gained 1)
You see here a hand axe.
A hobgoblin comes into view. It is wielding a club.
The hobgoblin shouts!
All of the chunks of flesh in your inventory have rotted away.
Found an escape hatch in the floor.
You hit the hobgoblin.
You kill the hobgoblin!
No target in view!
No target in view!
Things that are here:
a club; a hobgoblin corpse You butcher the hobgoblin corpse.
g - a chunk of flesh {@w0} You see here a club.
A bat comes into view.
The bat hits you but does no damage. You block the bat's attack.
Your shield and scale mail prevent you from hitting the bat.
The bat hits you but does no damage. x2; The bat closely misses you.
The bat hits you but does no damage.
You closely miss the bat. The bat hits you but does no damage.
You block the bat's attack. x2
You sock the bat!
You kill the bat!
No target in view!
No target in view!
You see here a bat corpse.
You butcher the bat corpse.
g - 2 chunks of flesh {@w0} (gained 1)
j - a scroll labeled BOISCH PICUN A frilled lizard and a goblin come into view.
The goblin shouts!
The frilled lizard hisses angrily.
There are monsters nearby!
A kobold comes into view. It is wielding a dagger.
You hit the frilled lizard.
You kill the frilled lizard!
You hit the goblin.
You kill the goblin!
You have reached level 2!
You feel monstrous as your demonic heritage exerts itself.
Your demonic ancestry asserts itself...
Your fingernails lengthen.
You see here a club.
There is a staircase leading out of the dungeon here.
Are you sure you want to leave the Dungeon?
This will make you lose the game!
You have escaped!

##.##.........
#######..##.)....######
...............###....###
.......)......##........##
#######.##.#.##..........##
..#######.##...#.....)......#
.......).......#............##
.>.######......#....####.....#
#.######......#@.### ###)..#
#...........#.#### ##..#
########.........### ###...#
#....##.....####.....#
########......#............##
.
##......#...####............#
.. ...........##
##..........##.K. ..........##
##........##.... ##......###
###....###.....


There were no monsters in sight!

Vanquished Creatures
  2 hobgoblins (D:1)
  2 bats (D:1)
  2 frilled lizards (D:1)
  2 goblins (D:1)
8 creatures vanquished.

Notes
Turn   | Place    | Note
-------+----------+-------------------------------------------
     0 | D:1      | sankara the Demonspawn Fighter began the quest for the Orb.
     0 | D:1      | Reached XP level 1. HP: 18/18 MP: 1/1
   107 | D:1      | Reached skill level 2 in Maces & Flails
   337 | D:1      | Gained mutation: You have sharp fingernails. [demonic ancestry]
   337 | D:1      | Reached XP level 2. HP: 24/24 MP: 2/2
   384 | D:$      | Got out of the dungeon alive.

Vault maps used:
D:1:      minmay_arrival_loop, minmay_misc_feat_roman, minivault_19

Skill      XL: |  1 |
---------------+----+-----
Maces & Flails | 2 |  2.5
Fighting       | |  3.0
Armour         | |  2.6
Shields        | |  2.6

Action                   || total
-------------------------++-------
Melee: Flail             ||    31
Armor: Scale mail        ||    31
Dodge: Dodged            ||    11
Block: Shield            ||    20

Table legend:
 A = Spawn XP
 B = Non-spawn XP
 C = Spawn XP percentage of total XP
 D = Spawn monster count
 E = Non-spawn monster count
 F = Spawn count percentage of total count
 G = Total turns spent on level
                    A         B        C        D         E        F      G
               +---------+---------+-------+---------+---------+-------+---------
         Total |       0 |      12 |   0.0 |       0 |       8 |   0.0 |   384
               +---------+---------+-------+---------+---------+-------+---------
           D:1 |       0 |      12 |   0.0 |       0 |       8 |   0.0 |   384
               +---------+---------+-------+---------+---------+-------+---------

Vault maps used:
D:1:      minmay_arrival_loop, minmay_misc_feat_roman, minivault_19

Table legend:
 A = Turns spent in this place as a percentage of turns spent in the entire game.
 B = Non-inter-level travel turns spent in this place as a percentage of non-inter-level travel turns spent in the entire game.
 C = Inter-level travel turns spent in this place as a percentage of turns spent in this place.
 D = Turns resting spent in this place as a percentage of non-inter-level travel turns spent in this place.
 E = Turns spent auto-exploring this place as a percentage of non-inter-level travel turns spent in this place.
 F = Non-inter-level travel turns spent in this place divided by the number of levels of this place that you've seen.
                   A       B       C       D       E      F
               +-------+-------+-------+-------+-------+----------------------
         Total | 100.0 | 100.0 |  11.7 |  43.4 |  24.5 | 339.0
       Dungeon | 100.0 | 100.0 |  11.7 |  43.4 |  24.5 | 339.0
               +-------+-------+-------+-------+-------+----------------------

Table legend:
 A = Kills in this place as a percentage of kills in entire the game.
 B = Kills by you in this place as a percentage of kills by you in the entire game.
 C = Kills by friends in this place as a percentage of kills by friends in the entire game.
 D = Other kills in this place as a percentage of other kills in the entire game.
 E = Experience gained in this place as a percentage of experience gained in the entire game.
 F = Experience gained in this place divided by the number of levels of this place that you have seen.
                   A       B       C       D       E      F
               +-------+-------+-------+-------+-------+----------------------
         Total | 100.0 | 100.0 |   N/A |   N/A | 100.0 |  12.0
       Dungeon | 100.0 | 100.0 |   N/A |   N/A | 100.0 |  12.0
               +-------+-------+-------+-------+-------+----------------------
